Map: Luxuriance EC (Void)

Players

Uzikoti - Winner!

  • Race: Terran Terran
  • League: Grandmaster
  • Spawn Location: 7:00

LiquidSnute (Snute)

  • Race: Zerg Zerg
  • League: Grandmaster
  • Spawn Location: 1:00

VOD

Have the link to the VOD?

Description

Time

  • Played on: Jan. 14, 2017, 4:14 p.m.
  • Length: 7:05
Show
View Real Time Build Order
Export as new Build Order

Uzikoti Terran - Winner!

Build Orders:  

Get SALT Encoding   

  12  0:00  SCV  
  13  0:13  SCV  
  14  0:17  Supply Depot  
  14  0:25  SCV  
  15  0:30  Refinery  
  15  0:39  SCV  
  16  0:44  Barracks  
  16  0:51  SCV  
  17  1:03  Barracks, SCV  
  18  1:15  SCV  
  19  1:23  Barracks  
  19  1:31  Reaper  
  20  1:36  Orbital Command  
  20  1:44  Supply Depot  
  20  1:50  Reaper  
  21  1:54  Refinery  
  21  2:01  SCV  
  21  2:03  Reaper  
  23  2:11  Reaper  
  23  2:12  Supply Depot  
  23  2:15  SCV  
  25  2:24  Reaper  
  25  2:27  SCV  
  27  2:35  Reaper  
  28  2:39  SCV  
  28  2:43  Reaper  
  30  2:51  SCV  
  30  2:55  Command Center  
  30  2:58  Barracks Tech Lab  
  31  3:06  SCV  
  32  3:12  Marine  
  32  3:15  Marine  
  32  3:19  Marine  
  35  3:20  Stimpack  
  35  3:21  SCV  
  35  3:23  Supply Depot  
  36  3:31  Engineering Bay  
  37  3:35  Barracks Reactor  
  36  3:41  Barracks Reactor  
  36  3:48  SCV  
  36  3:49  Marine  
  36  3:50  Barracks Reactor  
  38  3:56  Factory  
  38  4:03  Terran Infantry Weapons Level 1  
  38  4:04  SCV  
  39  4:11  Marine  
  39  4:13  Orbital Command  
  40  4:18  SCV  
  40  4:19  Marine x2  
  43  4:26  Marine x2  
  43  4:30  SCV  
  46  4:31  Marine  
  46  4:35  Supply Depot  
  47  4:39  Marine x2  
  47  4:41  Starport  
  47  4:42  SCV  
  47  4:44  Factory Reactor  
  47  4:45  SCV  
  51  4:54  Marine x3  
  51  4:55  SCV  
  51  4:56  Supply Depot  
  51  4:57  SCV  
  56  5:05  Marine x2  
  58  5:07  SCV  
  58  5:11  Marine x2  
  58  5:12  Marine, SCV  
  63  5:17  Supply Depot  
  63  5:19  SCV  
  63  5:20  Combat Shield  
  64  5:22  Marine  
  64  5:23  Marine  
  64  5:26  SCV  
  67  5:29  Marine  
  67  5:30  Factory Reactor  
  67  5:31  Medivac  
  67  5:32  Supply Depot  
  70  5:36  Medivac  
  70  5:37  SCV  
  72  5:44  Marine x2  
  72  5:45  Marine  
  72  5:46  SCV  
  72  5:49  SCV, Refinery  
  77  5:50  Supply Depot  
  77  5:52  Supply Depot  
  77  5:56  Marine x2  
  79  6:00  SCV  
  79  6:02  Marine x3  
  83  6:05  Medivac  
  85  6:14  Marine x2, SCV x2  
  93  6:19  Widow Mine x2  
  93  6:27  Marine x2  
  93  6:28  SCV x2  
  93  6:31  Marine x2  
  93  6:32  Marine  
  88  6:40  SCV x2  
  88  6:45  Marine x2  
Show
View Real Time Build Order
Export as new Build Order

LiquidSnute Zerg 

Build Orders: Hatch First 

Get SALT Encoding   

  12  0:00  Drone  
  13  0:12  Overlord  
  13  0:17  Drone  
  14  0:30  Drone x2  
  14  0:34  Drone  
  17  0:51  Hatchery  
  17  0:54  Drone  
  17  0:57  Drone  
  17  1:00  Extractor  
  17  1:13  Spawning Pool  
  17  1:15  Drone  
  17  1:18  Drone  
  18  1:27  Drone  
  19  1:38  Overlord  
  19  1:49  Drone  
  20  1:59  Queen  
  22  2:01  Metabolic Boost  
  22  2:03  Zergling x2, Queen  
  22  2:05  Zergling x2  
  26  2:10  Zergling x2  
  26  2:13  Drone  
  28  2:21  Zergling x2  
  29  2:27  Spore Crawler  
  28  2:33  Zergling x4  
  28  2:35  Queen  
  33  2:38  Queen  
  33  2:44  Overlord  
  34  2:50  Zergling x4  
  36  2:56  Overlord  
  36  3:03  Zergling x2  
  37  3:11  Zergling x2  
  37  3:12  Zergling x4  
  39  3:14  Overlord  
  39  3:15  Drone x3  
  42  3:23  Drone x3  
  45  3:32  Drone x2  
  47  3:43  Hatchery  
  47  3:44  Drone  
  47  3:46  Drone  
  47  3:48  Drone  
  49  3:50  Drone  
  49  3:52  Drone  
  49  3:54  Drone  
  52  3:56  Drone  
  53  4:03  Drone x2  
  53  4:04  Drone  
  56  4:10  Zergling x4  
  56  4:15  Queen  
  60  4:17  Overlord  
  60  4:28  Overlord  
  60  4:32  Hatchery  
  60  4:34  Drone  
  60  4:37  Drone  
  60  4:38  Drone x4  
  63  4:41  Drone  
  63  4:45  Drone x2  
  68  4:47  Drone x2  
  70  4:54  Queen x2  
  70  4:58  Overlord  
  74  5:01  Drone x2  
  74  5:04  Drone  
  77  5:08  Drone x3  
  77  5:09  Drone  
  77  5:11  Overlord  
  77  5:13  Drone  
  82  5:17  Overlord  
  82  5:18  Extractor  
  82  5:19  Extractor  
  80  5:24  Evolution Chamber  
  80  5:26  Evolution Chamber  
  78  5:30  Drone x2  
  78  5:31  Drone x6  
  78  5:34  Drone  
  87  5:36  Drone  
  87  5:37  Drone x2  
  89  5:43  Drone  
  89  5:44  Drone x3  
  89  5:46  Extractor  
  92  5:55  Queen x2  
  97  5:57  Zergling x12  
  97  6:02  Baneling Nest  
  97  6:03  Overlord  
  101  6:12  Zergling x6  
  102  6:27  Zergling x26  
  102  6:28  Zergling x2  
  93  6:35  Zergling x10  
  93  6:37  Zergling x2  
  93  6:39  Zergling x2  
  87  6:41  Zergling x2  
  87  6:44  Zergling x2  
  87  6:46  Baneling  
  87  6:47  Baneling  
Tags
 
Add a new tag
Caveats
  • Supply blocks, unpowered buildings, or Contaminate may cause inaccurate times.
  • Supply counts are checked every 10 seconds.